 Dungeon Crawl Stone Soup version 0.25.0-46-gbd7b0854d2 (webtiles) character file.

Game seed: 7205978991951881992

16 Arfinam the Grasshopper (level 2, -2/15 HPs)
             Began as a Spriggan Warper on July 10, 2020.
             Slain by an adder (4 damage)
             ... on level 1 of the Dungeon on July 13, 2020.
             The game lasted 00:04:21 (492 turns).

Arfinam the Grasshopper (Spriggan Warper)            Turns: 492, Time: 00:04:21

Health: -2/15      AC:  2    Str:  7    XL:     2   Next: 37%
Magic:  7/7        EV: 19    Int: 14    God:
Gold:   41         SH:  0    Dex: 15    Spells: 7/7 levels left

rFire    . . .     SeeInvis +   a - +0 short sword
rCold    . . .     Gourm    .   (shield restricted)
rNeg     . . .     Faith    .   b - +0 robe
rPois    .         Spirit   .   (helmet restricted)
rElec    .         Reflect  .   (no cloak)
rCorr    .         Harm     .   (gloves unavailable)
MR       .....                  (boots unavailable)
Stlth    ++........             (no amulet)
HPRegen  0.05/turn              (no ring)
MPRegen  0.10/turn              (no ring)

@: lethally poisoned (-2 -> -4), very quick
A: very small, unfitting armour, see invisible, herbivore, speed 3, slow
metabolism 2
a: no special abilities


You were on level 1 of the Dungeon.
You were not hungry.

You visited 1 branch of the dungeon, and saw 2 of its levels.

You collected 41 gold pieces.

Inventory:

Hand Weapons
 a - a +0 short sword (weapon)
Missiles
 e - 5 boomerangs of dispersal (quivered)
Armour
 b - a +0 robe (worn)
Scrolls
 c - a scroll of magic mapping {unknown}
 d - a scroll of blinking
Comestibles
 f - 3 rations


   Skills:
 + Level 1.7 Fighting
 + Level 2.3 Short Blades
 + Level 1.0 Throwing
 + Level 3.7 Dodging
 + Level 1.2 Stealth
 + Level 3.3 Spellcasting
   Level 4.4 Translocations


You had 7 spell levels left.
You didn't know any spells.
Your spell library contained the following spells:

 Spells                   Type           Power        Failure   Level  Hunger
 Blink                    Tloc           N/A          5%          2    ##.....
 Gell's Gravitas          Tloc           ##........   11%         3    ###....
 Lesser Beckoning         Tloc           ##........   11%         3    ###....
 Teleport Other           Tloc           ##......     11%         3    ###....
 Shroud of Golubria       Chrm/Tloc      #.....       13%         2    ##.....
 Passage of Golubria      Tloc           N/A          34%         4    #####..


Dungeon Overview and Level Annotations

Branches:
Dungeon (2/15)

Altars:
Okawaru


Innate Abilities, Weirdness & Mutations

You are very small and have problems with some larger weapons.
You are too small for most types of armour.
You have supernaturally acute eyesight. (SInv)
You are a herbivore.
You cover ground extremely quickly.
You need to consume almost no food.


Message History

You climb upwards.
You feel sick.
There is a stone staircase leading down here.
You climb downwards.
The adder misses you. The jackal closely misses you. The adder bites you.
There is a stone staircase leading up here.
You feel sick. The jackal closely misses you. The adder completely misses you.
You climb upwards.
There is a stone staircase leading down here.
You hit the adder but do no damage. The jackal bites you.
The adder barely misses you. The jackal completely misses you.
You are too injured to fight recklessly!
You are too injured to fight recklessly!
You are too injured to fight recklessly!
You are too injured to fight recklessly!
You hit the adder.
The adder is moderately wounded.
You feel sick. The adder bites you.
* * * LOW HITPOINT WARNING * * *
The jackal closely misses you. The adder bites you.
You die...

###.#.....
#........
#.......#
#.......#
#.......#
#.......#
#...h...#
#..S@...#
#########


You could see an adder and a jackal.

Vanquished Creatures
  An ooze (D:2)
  A worm (D:2)
  A ball python (D:1)
  A goblin (D:1)
  A hobgoblin (D:1)
  2 kobolds (D:1)
  A rat (D:1)
8 creatures vanquished.

Notes
Turn   | Place    | Note
-------+----------+-------------------------------------------
     0 | D:1      | Arfinam the Spriggan Warper began the quest for the Orb.
     0 | D:1      | Reached XP level 1. HP: 10/10 MP: 5/5
   384 | D:1      | Upgraded the game from 0.25.0-41-g26779e291d to
                  | 0.25.0-46-gbd7b0854d2
   385 | D:1      | You fall into a shaft and drop 1 floor!
   413 | D:2      | Reached skill level 1 in Stealth
   413 | D:2      | Reached XP level 2. HP: 15/15 MP: 7/7
   482 | D:2      | Found an iron altar of Okawaru.
   492 | D:1      | Slain by an adder

Illustrated notes

Levels and vault maps discovered:
D:1:      minmay_arrival_stair_chambers, layout_loops_cross
D:2:      layout_basic, lemuel_round_altar, grunt_temple_overflow_open

Skill      XL: |  1 |
---------------+----+-----
Spellcasting   | 3 |  3.3
Stealth        | 1 |  1.2
Fighting       | |  1.7
Short Blades   | |  2.3
Throwing       | |  1.0
Dodging        | |  3.7
Translocations | |  4.4

Action                   || total
-------------------------++-------
Melee: Short sword       ||    48
Armor: Robe              ||     3
Dodge: Dodged            ||    56
